 Dungeon Crawl Stone Soup version 0.26-a0-67-g850bfe61e3 (webtiles) character file.

Game seed: 10234761562963113893

18 bmfx the Slasher (level 2, -1/16 HPs)
             Began as a Vine Stalker Chaos Knight on June 12, 2020.
             Was a Plaything of Xom.
             Slain by a leopard gecko (2 damage)
             ... on level 2 of the Dungeon.
             The game lasted 00:01:02 (811 turns).

bmfx the Slasher (Vine Stalker Chaos Knight)         Turns: 811, Time: 00:01:03

Health: -1/16      AC:  5    Str: 14    XL:     2   Next: 66%
Magic:  0/3        EV: 11    Int: 12    God:    Xom [.*....]
Gold:   39         SH:  0    Dex: 13    Spells: 1/1 levels left

rFire    . . .     SeeInvis .   a - +0 falchion (chaos)
rCold    . . .     Gourm    .   (no shield)
rNeg     . . .     Faith    .   b - +2 leather armour
rPois    .         Spirit   +   (no helmet)
rElec    .         Reflect  .   (no cloak)
rCorr    .         Harm     .   (no gloves)
MR       .....                  (no boots)
Stlth    +.........             (no amulet)
HPRegen  0.05/turn              (no ring)
MPRegen  0.08/turn              (no ring)

@: no status effects
A: fangs 2, magic shield, antimagic bite, no potion heal 3, rot immunity
a: Renounce Religion


You were on level 2 of the Dungeon.
You worshipped Xom.
You were a plaything of Xom.
You were not hungry.

You visited 1 branch of the dungeon, and saw 2 of its levels.

You collected 39 gold pieces.


Innate Abilities, Weirdness & Mutations

You have extremely sharp teeth.
When hurt, damage is shared between your health and your magic reserves.
Your bite disrupts and absorbs the magic of your enemies.
Potions cannot restore your health.
You are immune to rotting.

Dungeon Overview and Level Annotations

Branches:
Dungeon (2/15)

Altars:


   Skills:
 - Level 2.6 Fighting
 + Level 3.5 Long Blades
 - Level 1.5 Armour
 - Level 0.7 Dodging


You had one spell level left.
You didn't know any spells.
Your spell library was empty.

Action                   || total
-------------------------++-------
Melee: Falchion          ||    43
       Bite              ||    10
Armor: Leather armour    ||    20
Dodge: Dodged            ||    22
       Rpst.: Falchion   ||     9

Skill      XL: |  1 |
---------------+----+-----
Long Blades    | 3 |  3.5
Fighting       | |  2.6
Armour         | |  1.5
Dodging        | |  0.7

Inventory:

Hand Weapons
 a - a +0 falchion of chaos (weapon)
Missiles
 g - 31 stones (quivered)
Armour
 b - a +2 leather armour (worn)
 h - a cursed +0 leather armour
Jewellery
 j - an uncursed ring of fire {unknown}
Scrolls
 d - a scroll of magic mapping {unknown}
Potions
 e - a potion of cancellation {unknown}
 i - a potion of lignification {unknown}
Comestibles
 c - 2 rations

#+ #( #####.
...#.## ### #
#b...###.####.#
#.....#.......#
#..{@#.#.#.####
#.#.#.##.##.#
....b......#<##
....#####.#.##
#### ##.# ###


There were no monsters in sight!

Vanquished Creatures
  A leopard gecko (D:1)
  A ball python (D:1)
  3 giant cockroaches (D:1)
  A goblin (D:1)
  A bat (D:1)
  3 frilled lizards (D:1)
  3 kobolds (D:1)
  5 rats (D:1)
18 creatures vanquished.

Levels and vault maps discovered:
D:1:      nicolae_arrival_washed_ashore, layout_loops_ring, minmay_pentomino_r4
D:2:      minmay_spotlight, layout_loops_corners, nicolae_overflow_hidden_temple


Message History

No target in view!
You closely miss something. You bite something.
Something bites you but does no damage.
You barely miss something. Your bite misses something. Something bites you.
You miss something. You bite something. Something bites you.
Something bites you but does no damage.
You completely miss something. You bite something. Something bites you.
A shower of butterflies erupts from you!
You closely miss something. Something bites you but does no damage.
You miss something. Something bites you.
* * * LOW HITPOINT WARNING * * *
Something bites you.
* * * LOW HITPOINT WARNING * * *
You barely miss something. Something bites you.
* * * LOW HITPOINT WARNING * * *
You barely miss something. You bite something. Something bites you.
You closely miss something. Something bites you but does no damage.
Something bites you.
You die... "It's all fun and games until someone loses an eye."

Notes
Turn   | Place    | Note
-------+----------+-------------------------------------------
     0 | D:1      | bmfx the Vine Stalker Chaos Knight began the quest for the
                  | Orb.
     0 | D:1      | Reached XP level 1. HP: 11/11 MP: 2/2
   187 | D:1      | Reached skill level 3 in Long Blades
   219 | D:1      | Reached XP level 2. HP: 16/16 MP: 3/3
   335 | D:1      | XOM: divination: detect items
   806 | D:2      | XOM: butterfly on damage
   811 | D:2      | Slain by a leopard gecko
